 Dungeon Crawl Stone Soup version 0.26.0-16-gc1dbca0489 (webtiles) character file.

Game seed: 13547524612118995596

7281 teolandon225 the Covert (level 10, -5/44 HPs)
             Began as a Spriggan Enchanter on Jan 21, 2021.
             Was an Elder of Makhleb.
             Slain by a boulder beetle (29 damage)
             ... on level 10 of the Dungeon.
             The game lasted 00:27:58 (17979 turns).

teolandon225 the Covert (Spriggan Enchanter)       Turns: 17979, Time: 00:27:58

Health: -5/44      AC:  3    Str:  4      XL:     10   Next: 89%
Magic:  5/16       EV: 25    Int: 18 (20) God:    Makhleb [****..]
Gold:   351        SH:  0    Dex: 17      Spells: 3/14 levels left

rFire    . . .     SeeInvis +   q - +2 dagger (speed)
rCold    + . .     Faith    +   (shield restricted)
rNeg     . . .     Spirit   .   b - +1 robe
rPois    .         Reflect  .   (helmet restricted)
rElec    .         Harm     .   (no cloak)
rCorr    .         Rampage  .   (gloves unavailable)
Will     +....                  (boots unavailable)
Stlth    ++++++....             t - amulet of faith
HPRegen  0.14/turn              p - ring of protection from cold
MPRegen  0.15/turn              (no ring)

@: very quick
A: very small, unfitting armour, see invisible, speed 3, screaming 1
a: Renounce Religion, Minor Destruction, Lesser Servant of Makhleb, Major
Destruction


You were on level 10 of the Dungeon.
You worshipped Makhleb.
Makhleb was greatly pleased with you.
You visited 1 branch of the dungeon, and saw 10 of its levels.

You collected 475 gold pieces.
You spent 124 gold pieces at shops.

Inventory:

Hand Weapons
 a - a +1 dagger
 k - the +6 trident of the Screaming Sybil {vorpal, *Rage +Blink +Inv rN+, unknown}
   (You found it on level 5 of the Dungeon)

   It inflicts extra damage upon your enemies.
   It protects you from negative energy.
   It lets you turn invisible.
   It lets you blink.
   It may make you go berserk in combat.
 q - a +2 dagger of speed (weapon)
 w - a +0 dagger of venom
Armour
 b - a +1 robe (worn)
 s - a +0 leather armour
Jewellery
 p - a ring of protection from cold (left hand)
 t - an amulet of faith (around neck)
Wands
 c - a wand of flame (31)
 x - a wand of iceblast (8)
 y - a wand of enslavement (5)
 A - a wand of disintegration (16)
Scrolls
 d - 2 scrolls of enchant armour
 e - a scroll of teleportation
 g - 4 scrolls of blinking
 h - a scroll of amnesia
 j - 4 scrolls of magic mapping
 u - 2 scrolls of enchant weapon
 v - 2 scrolls of remove curse
 z - 2 scrolls of silence {unknown}
 B - a scroll of acquirement
 E - 3 scrolls of identify
Potions
 f - a potion of haste {unknown}
 i - 3 potions of brilliance
 l - 2 potions of mutation
 m - 4 potions of curing
 n - a potion of cancellation {unknown}
 o - 2 potions of attraction
 r - 3 potions of lignification
 C - a potion of invisibility
 D - a potion of heal wounds


   Skills:
 - Level 1.1 Short Blades
 - Level 9.6 Dodging
 + Level 14.6 Stealth
 - Level 2.6 Spellcasting
 + Level 11.8 Hexes
 * Level 7.5 Invocations


You had 3 spell levels left.
You knew the following spells:

 Your Spells              Type           Power        Failure   Level
e - Tukima's Dance        Hex            44%          1%          3
q - Ensorcelled Hibernat  Hex/Ice        46%          2%          2
r - Dazzling Flash        Conj/Hex       46%          4%          3
w - Confusing Touch       Hex            44%          1%          3

Your spell library contained the following spells:

 Spells                   Type           Power        Failure   Level
 Corona                   Hex            48%          1%          1
 Animate Skeleton         Necr           4%           17%         1
 Apportation              Tloc           4%           17%         1
 Beastly Appendage        Tmut           4%           17%         1
 Summon Small Mammal      Summ           8%           17%         1
 Wereblood                Tmut           2%           26%         2
 Spider Form              Tmut/Pois      1%           45%         3
 Ice Form                 Ice/Tmut       2%           86%         4
 Blade Hands              Tmut           1%           99%         5


Dungeon Overview and Level Annotations

Branches:
Dungeon (10/15)            Temple (0/1) D:5             Orc (0/2) D:9
   Lair: D:8-11

Altars:
Ashenzari
Dithmenos
Elyvilon
Fedhas
Makhleb
Okawaru
Qazlal
Trog
Uskayaw
The Shining One

Shops:
D:9 *

Annotations:
D:7 exclusion: downstairs


Innate Abilities, Weirdness & Mutations

You are very small and have problems with some larger weapons.
You are too small for most types of armour.
You have supernaturally acute eyesight. (SInv)
You cover ground extremely quickly.
You occasionally shout uncontrollably at your foes.


Message History

Your hands begin to glow brighter.
The boulder beetle bites you.
You hit the boulder beetle but do no damage.
The boulder beetle appears confused.
You catch the helpless boulder beetle completely off-guard!
You impale the boulder beetle!!
The boulder beetle is moderately wounded.
The boulder beetle completely misses you.
You hit the boulder beetle.
The boulder beetle is heavily wounded.
You hit the boulder beetle but do no damage.
The boulder beetle is heavily wounded.
You see here a +0 short sword.
You hit the boulder beetle but do no damage.
The boulder beetle is heavily wounded.
You catch the helpless boulder beetle completely off-guard!
You impale the boulder beetle!!
The boulder beetle is severely wounded.
The boulder beetle bites you!!
Ouch! That really hurt!
You die...

.#(# #.####.###.#.#
.#4###.#..........#.#
.(4K...#.##.####.##.##
.......#.##.# #..#...
.......#.##.###.##.. ##
..#'##.#.##.##..#..#..#
..'.......#.##.##.....
..#..#.####.#..#B.#.#..#
..##.#......#.##@..(...#
..##.######...#..#.#.#..
..##..# #..##.........
..###.# ##.#.#########
### #.# #.(#.# ##'##
##.##.## ####...#
#((#...#
.......###.##...##
.......##(.#.#'#.#


You could see a boulder beetle (confused).

Vanquished Creatures
  A two-headed ogre (D:9)
  Pikel (D:8)
  A deep elf mage (D:10)
  Maurice (D:8)
  A kobold demonologist (D:10)
  A troll (D:10)
  Grinder (D:3)
  A steam dragon (D:10)
  Duvessa (D:3)
  2 black bears
  An eye of draining (D:10)
  2 ice beasts (D:5)
  4 orc warriors
  A phantom (D:7)
  4 ogres
  2 centaurs (D:7)
  3 big kobolds (D:10)
  A wyvern zombie (D:8)
  7 bullfrogs
  Dowan (D:4)
  7 killer bees
  3 scorpions
  4 wights (D:9)
  4 howler monkeys
  A centaur zombie (D:6)
  A quasit (D:9)
  3 jellies
  8 orc priests
  A centaur skeleton (D:10)
  A gnoll shaman (D:4)
  4 hounds
  7 orc wizards
  Terence (D:3)
  2 iguanas
  6 worker ants
  2 hound zombies
  Robin (D:3)
  11 gnolls
  14 adders
  3 shadow imps
  A white imp (D:10)
  2 ufetubi
  An ooze (D:1)
  An adder zombie (D:8)
  An adder skeleton (D:4)
  3 worms
  2 dart slugs
  5 leopard geckos
  33 orcs
  4 giant cockroaches
  11 goblins
  9 hobgoblins
  14 jackals
  11 kobolds
  6 quokkas
  2 ball pythons
  6 bats
  7 frilled lizards
  A leopard gecko skeleton (D:4)
  A leopard gecko zombie (D:7)
  2 quokka skeletons
  7 rats
251 creatures vanquished.

Vanquished Creatures (collateral kills)
  A wight (D:9)
1 creature vanquished.

Vanquished Creatures (others)
  A kobold demonologist (D:10)
  3 plants (D:4)
4 creatures vanquished.

Grand Total: 256 creatures vanquished

Notes
Turn   | Place    | Note
-------+----------+-------------------------------------------
     0 | D:1      | teolandon225 the Spriggan Enchanter began the quest for the
                  | Orb.
     0 | D:1      | Reached XP level 1. HP: 9/9 MP: 5/5
   276 | D:1      | Reached XP level 2. HP: 9/13 MP: 4/6
   316 | D:1      | Learned a level 2 spell: Ensorcelled Hibernation
   988 | D:1      | Reached skill level 5 in Stealth
  2003 | D:2      | Reached XP level 3. HP: 16/16 MP: 1/8
  2868 | D:2      | Found a burning altar of Makhleb.
  2902 | D:2      | Became a worshipper of Makhleb the Destroyer
  2997 | D:2      | Reached XP level 4. HP: 11/21 MP: 0/9
  3142 | D:2      | Reached skill level 6 in Stealth
  3214 | D:2      | You fall into a shaft and drop 1 floor!
  3215 | D:3      | Noticed Terence
  3217 | D:3      | Found a white marble altar of Elyvilon.
  3220 | D:3      | Killed Terence
  3221 | D:3      | Reached skill level 5 in Hexes
  3305 | D:3      | Found a hide-covered altar of Uskayaw.
  3306 | D:3      | Found a shadowy altar of Dithmenos.
  3377 | D:3      | Noticed Robin
  3687 | D:2      | Reached XP level 5. HP: 23/24 MP: 3/10
  4402 | D:3      | Noticed an ogre
  4412 | D:3      | Killed an ogre
  4413 | D:3      | Reached skill level 7 in Stealth
  4436 | D:3      | Noticed Grinder
  4442 | D:3      | Paralysed by Grinder for 4 turns
  4710 | D:2      | Learned a level 3 spell: Confusing Touch
  4714 | D:2      | Learned a level 3 spell: Tukima's Dance
  4816 | D:3      | Reached * piety under Makhleb
  5178 | D:3      | Killed Robin
  5179 | D:3      | Reached XP level 6. HP: 28/28 MP: 2/11
  5635 | D:3      | Killed Grinder
  5636 | D:3      | Reached skill level 5 in Dodging
  5636 | D:3      | Reached skill level 8 in Stealth
  5636 | D:3      | Reached XP level 7. HP: 19/32 MP: 6/12
  6185 | D:4      | Noticed Duvessa
  6185 | D:4      | Noticed Dowan
  6190 | D:4      | Killed Dowan
  6904 | D:3      | Killed Duvessa
  6905 | D:3      | Reached skill level 9 in Stealth
  7303 | D:3      | Found a white marble altar of Elyvilon.
  7308 | D:3      | Found a hide-covered altar of Uskayaw.
  7309 | D:3      | Found a shadowy altar of Dithmenos.
  7476 | D:4      | Learned a level 3 spell: Dazzling Flash
  8007 | D:4      | Found a bloodstained altar of Trog.
  9058 | D:5      | Entered Level 5 of the Dungeon
  9074 | D:5      | Reached skill level 10 in Stealth
  9106 | D:5      | Found a blossoming altar of Fedhas.
  9156 | D:5      | Got a twisted trident
  9207 | D:5      | Reached XP level 8. HP: 33/36 MP: 8/13
  9887 | D:5      | Reached ** piety under Makhleb
 10254 | D:5      | Found a staircase to the Ecumenical Temple.
 10627 | D:6      | Found an iron altar of Okawaru.
 11101 | D:6      | Reached skill level 11 in Stealth
 11101 | D:6      | Reached skill level 1 in Invocations
 12129 | D:7      | Reached XP level 9. HP: 39/39 MP: 11/14
 12681 | D:7      | Reached skill level 12 in Stealth
 13132 | D:7      | Reached *** piety under Makhleb
 13791 | D:8      | Reached skill level 10 in Hexes
 13878 | D:8      | Noticed Maurice
 13881 | D:8      | Killed Maurice
 13965 | D:8      | Reached skill level 13 in Stealth
 14005 | D:8      | Noticed Pikel
 14070 | D:8      | Killed Pikel
 14071 | D:8      | Reached skill level 5 in Invocations
 14224 | D:8      | Found a glowing golden altar of the Shining One.
 14304 | D:8      | Reached XP level 10. HP: 16/44 MP: 6/15
 14878 | D:9      | Identified a scroll of acquirement
 14937 | D:9      | Found Ihasur's Assorted Antiques.
 14981 | D:9      | Bought a scroll of identify for 66 gold pieces
 14981 | D:9      | Bought a lumpy purple potion for 29 gold pieces
 14981 | D:9      | Bought a dark potion for 29 gold pieces
 15000 | D:9      | Found a staircase to the Orcish Mines.
 15042 | D:9      | Found a stormy altar of Qazlal.
 15155 | D:9      | Noticed a two-headed ogre
 15160 | D:9      | Killed a two-headed ogre
 15183 | D:9      | Reached **** piety under Makhleb
 15686 | D:9      | Reached skill level 14 in Stealth
 15961 | D:10     | Entered Level 10 of the Dungeon
 16037 | D:10     | Found a broken altar of Ashenzari.
 16539 | D:10     | Noticed a soul eater
 16548 | D:10     | Noticed a sun demon
 16963 | D:10     | Noticed a boulder beetle
 17063 | D:10     | Noticed a rust devil
 17067 | D:10     | Noticed an orange demon
 17270 | D:10     | Found a runed translucent door.
 17559 | D:10     | Noticed a rust devil
 17691 | D:10     | Noticed an orange demon
 17698 | D:10     | Gained mutation: You occasionally shout uncontrollably at
                  | your foes. [a neqoxec]
 17955 | D:10     | Noticed a deep elf mage
 17961 | D:10     | Killed a deep elf mage
 17979 | D:10     | Slain by a boulder beetle

Illustrated notes

Levels and vault maps discovered:
D:1:      scummos_arrival_checkerplants, layout_basic,
          chequers_serial_rivers_micro_a
D:2:      layout_basic, overflow_temple_1_default
D:3:      layout_loops_ring, minitemple, uniq_robin, uniq_grinder, uniq_terence
D:4:      layout_loops_cross, bloody_trog, roderic_lattice_a,
          serial_bayou_pond_c, uniq_duvessa
D:5:      layout_basic, overflow_temple_1_default, temple_hall
D:6:      layout_loops_ring, okawaru_trees_2
D:7:      layout_loops_corners
D:8:      layout_loops_ring, overflow_temple_1_default, hangedman_glass_teeth,
          grunt_ministairs_8, chequers_serial_rivers_room_b, uniq_maurice,
          uniq_pikel
D:9:      layout_long_grid, nicolae_qazlal_eye_of_the_storm, serial_shops,
          nicolae_shop_waterfront
D:10:     minmay_the_grid_triangle_9x9_rhombus_full
          [minmay_the_grid_triangle_9x9_negative_grid,
          minmay_the_grid_triangle_9x9_wacky_v,
          minmay_the_grid_triangle_9x9_subtriangle,
          minmay_the_grid_triangle_9x9_limited_checkers,
          minmay_the_grid_triangle_9x9_corruption,
          minmay_the_grid_triangle_9x9_swiss_cheese,
          minmay_the_grid_triangle_9x9_odd_lines,
          minmay_the_grid_triangle_9x9_prize_special], layout_basic,
          evilmike_ruin_ashenzari

Skill      XL: |  1  2  3  4  5  6  7  8  9 10 |
---------------+-------------------------------+-----
Hexes          | 4 5 6 7 9 10 11 | 11.8
Stealth        | 5 6 7 8 10 11 13 14 | 14.6
Dodging        | 4 5 6 7 9 |  9.6
Invocations    | 2 5 7 |  7.5
Short Blades   | |  1.1
Spellcasting   | |  2.6

Action                   |  1- 3 |  4- 6 |  7- 9 | 10-12 || total
-------------------------+-------+-------+-------+-------++-------
Melee: Dagger            |   107 |    98 |   345 |   154 ||   704
 Cast: Corona            |     2 |       |     1 |       ||     3
       Ensorcelled Hiber |    37 |    53 |   158 |    74 ||   322
       Confusing Touch   |       |     2 |    12 |     9 ||    23
       Tukima's Dance    |       |       |       |     2 ||     2
       Dazzling Flash    |       |       |       |     2 ||     2
Invok: Minor Destruction |       |       |     4 |     4 ||     8
       Lesser Servant of |       |       |       |     2 ||     2
       Major Destruction |       |       |       |     1 ||     1
  Use: Scroll            |       |       |    10 |    10 ||    20
       Potion            |       |       |     1 |     2 ||     3
 Stab: Sleeping          |    17 |    31 |   102 |    54 ||   204
       Confused          |       |     2 |    14 |     8 ||    24
       Distracted        |       |       |     2 |       ||     2
       Invisible         |       |       |       |     3 ||     3
Armor: Robe              |     4 |     4 |    10 |     7 ||    25
Dodge: Dodged            |   113 |    72 |   242 |   183 ||   610
